[Event "White Rook U14 Final 2019"]
[Site "Sochi"]
[Date "2019.06.06"]
[Round "3.35"]
[White "Moshkin, Aleksandr"]
[Black "Hovhannisyan, Artyom"]
[Result "1/2-1/2"]
[ECO "A05"]
[WhiteElo "1462"]
[BlackElo "1458"]
[Annotator "NA RC"]
[PlyCount "98"]
[EventDate "2019.06.02"]
[EventCountry "RUS"]
[SourceTitle "playchess.com"]
[Source "ChessBase"]
[SourceQuality "1"]
[TimeControl "5400+30"]

1. Nf3 Nf6 2. g3 b6 3. Bg2 Bb7 4. O-O e6 5. d3 Be7 6. Nbd2 d6 7. e4 Nbd7 8. Ne1 e5 9. f4 O-O 10. f5 d5 11. Qe2 Re8 12. exd5 Bxd5 13. Ne4 Bxe4 14. dxe4 Nc5 15. c3 Qd7 16. g4 Red8 17. g5 Ne8 18. Be3 a5 19. h4 Qc6 20. Qg4 Nd3 21. f6 Bf8 22. Qf3 g6 23. h5 Bc5 24. hxg6 hxg6 25. Kh2 Bxe3 26. Qxe3 Nf4 27. Rxf4 exf4 28. Qxf4 Qd6 29. Qxd6 Rxd6 30. Nf3 Rad8 31. Re1 c5 32. Re2 Nc7 33. e5 Rd5 34. Bh3 Ne6 35. Bxe6 fxe6 36. Kg3 R8d7 37. Nh4 Kf7 38. Rh2 Rd2 39. Ng2 Rxb2 40. Rh7+ Ke8 41. Rh8+ Kf7 42. Nf4 Rc2 43. Rh7+ Ke8 44. Rxd7 Kxd7 45. Nxg6 Rxc3+ 46. Kg4 Ke8 47. Ne7 Rc1 48. Kh5 c4 49. Nc6 Rd1 1/2-1/2

[Event "White Rook U14 Final 2019"]
[Site "Sochi"]
[Date "2019.06.06"]
[Round "3.36"]
[White "Hakobyan, Astghik"]
[Black "Shirokova, Sofiya"]
[Result "1-0"]
[ECO "B50"]
[WhiteElo "1791"]
[BlackElo "1539"]
[Annotator "NA RC"]
[PlyCount "73"]
[EventDate "2019.06.02"]
[EventCountry "RUS"]
[SourceTitle "playchess.com"]
[Source "ChessBase"]
[SourceQuality "1"]
[TimeControl "5400+30"]

1. e4 c5 2. Nf3 d6 3. Nc3 Nf6 4. e5 dxe5 5. Nxe5 a6 6. a4 e6 7. g3 Qc7 8. Nc4 Be7 9. Bg2 O-O 10. d3 Nbd7 11. Qe2 Bd6 12. a5 Rb8 13. Na4 Re8 14. b3 Bf8 15. O-O b5 16. axb6 Nxb6 17. Naxb6 Rxb6 18. Nxb6 Qxb6 19. Bb2 Nd7 20. Qe4 Nb8 21. Bc3 f5 22. Qf3 Bd7 23. Qb7 Qd6 24. f4 Bc8 25. Qf3 Qb6 26. Kh1 g6 27. Rfe1 Bg7 28. Be5 Bxe5 29. Rxe5 h6 30. g4 Kh7 31. gxf5 gxf5 32. Rae1 Rg8 33. R1e2 Rg7 34. Qf2 Rc7 35. Qh4 Nc6 36. Rxe6 Bxe6 37. Rxe6 1-0

[Event "White Rook U14 Final 2019"]
[Site "Sochi"]
[Date "2019.06.06"]
[Round "4.3"]
[White "Shirkunov, Alexandr"]
[Black "Saikin, Ilia"]
[Result "1-0"]
[ECO "E11"]
[WhiteElo "1557"]
[BlackElo "1641"]
[Annotator "NA RC"]
[PlyCount "95"]
[EventDate "2019.06.02"]
[EventCountry "RUS"]
[SourceTitle "playchess.com"]
[Source "ChessBase"]
[SourceQuality "1"]
[TimeControl "5400+30"]

1. d4 Nf6 2. c4 e6 3. g3 Bb4+ 4. Bd2 Qe7 5. Bg2 Nc6 6. Nf3 Bxd2+ 7. Nbxd2 d6 8. O-O O-O 9. Qc2 a5 10. e4 e5 11. d5 Nb8 12. Ne1 Na6 13. Nd3 c6 14. f4 cxd5 15. cxd5 Bd7 16. fxe5 dxe5 17. Qc3 Bb5 18. Rfc1 Bxd3 19. Qxd3 b5 20. Qxb5 Qa7+ 21. Kh1 Rfb8 22. Qxa5 Rxb2 23. Qc3 Rab8 24. Qxb2 Ng4 25. h3 Nf2+ 26. Kh2 Nd3 27. Qc3 Nxc1 28. Rxc1 h6 29. Qxe5 f6 30. Qe6+ Kh7 31. Qf5+ Kg8 32. Rc8+ Rxc8 33. Qxc8+ Kh7 34. Qf5+ Kg8 35. d6 Nc5 36. Qd5+ Kh7 37. e5 h5 38. e6 h4 39. Ne4 hxg3+ 40. Nxg3 f5 41. Qxf5+ Kh8 42. Qf8+ Kh7 43. Qf5+ Kh8 44. e7 Qa8 45. Bxa8 g6 46. Qxg6 Nd7 47. e8=R+ Nf8 48. Rxf8# 1-0

[Event "White Rook U14 Final 2019"]
[Site "Sochi"]
[Date "2019.06.06"]
[Round "4.4"]
[White "Krupnova, Anna"]
[Black "Toledo Flores, Marianna"]
[Result "1-0"]
[ECO "D37"]
[WhiteElo "1714"]
[BlackElo "1530"]
[Annotator "NA RC"]
[PlyCount "43"]
[EventDate "2019.06.02"]
[EventCountry "RUS"]
[SourceTitle "playchess.com"]
[Source "ChessBase"]
[SourceQuality "1"]
[TimeControl "5400+30"]

1. d4 Nf6 2. c4 e6 3. Nf3 a6 4. Nc3 d5 5. cxd5 Nxd5 6. e4 Nxc3 7. bxc3 c5 8. Be2 Be7 9. O-O O-O 10. Be3 Qa5 11. Qc2 Nd7 12. e5 Rd8 13. Ng5 g6 14. h4 Qc7 15. Qe4 Rb8 16. h5 Nf8 17. Qf4 Bxg5 18. Qxg5 c4 19. Qh6 Nd7 20. Bg5 f6 21. exf6 Rf8 22. Qg7# 1-0

[Event "White Rook U14 Final 2019"]
[Site "Sochi"]
[Date "2019.06.06"]
[Round "4.5"]
[White "Putrenko, Kirill"]
[Black "Erastov, Semen"]
[Result "1/2-1/2"]
[ECO "D31"]
[WhiteElo "2010"]
[BlackElo "2028"]
[Annotator "NA RC"]
[PlyCount "108"]
[EventDate "2019.06.02"]
[EventCountry "RUS"]
[SourceTitle "playchess.com"]
[Source "ChessBase"]
[SourceQuality "1"]
[TimeControl "5400+30"]

1. d4 d5 2. c4 e6 3. Nc3 c6 4. e4 dxe4 5. Nxe4 Bb4+ 6. Nc3 c5 7. a3 Ba5 8. Nf3 Ne7 9. Be3 cxd4 10. Qxd4 Qxd4 11. Bxd4 Nf5 12. b4 Bd8 13. Ne4 O-O 14. Bb2 b6 15. Bd3 Be7 16. Ke2 Bb7 17. Rac1 Nd7 18. Rhd1 Rac8 19. Bb1 Rfd8 20. g4 Bxe4 21. Bxe4 Nd6 22. Bd3 f6 23. h3 e5 24. Nd2 a5 25. f3 axb4 26. axb4 Nb8 27. Nb3 Nc6 28. c5 bxc5 29. bxc5 Nb7 30. Be4 Rxd1 31. Kxd1 g6 32. Ke2 Kf7 33. Ba3 Ke6 34. Rd1 f5 35. Bd5+ Kf6 36. Rc1 Nbd8 37. Kd3 Ne6 38. Bxc6 Rxc6 39. Kc4 Rc8 40. Bb4 Ng5 41. Rc3 Nxh3 42. Ba5 Nf4 43. Bb6 h5 44. gxh5 gxh5 45. Kb5 h4 46. Rc2 h3 47. Rh2 Kg5 48. c6 Kh4 49. Bf2+ Kh5 50. Nc5 Bxc5 51. Bxc5 e4 52. fxe4 fxe4 53. Bd6 Kg4 54. Bxf4 Kxf4 1/2-1/2

[Event "White Rook U14 Final 2019"]
[Site "Sochi"]
[Date "2019.06.06"]
[Round "4.6"]
[White "Zhukov, Maksim"]
[Black "Ismagilov, Igor"]
[Result "1-0"]
[ECO "A30"]
[WhiteElo "1986"]
[BlackElo "1803"]
[Annotator "NA RC"]
[PlyCount "105"]
[EventDate "2019.06.02"]
[EventCountry "RUS"]
[SourceTitle "playchess.com"]
[Source "ChessBase"]
[SourceQuality "1"]
[TimeControl "5400+30"]

1. d4 g6 2. Nf3 Bg7 3. c4 d6 4. Nc3 e6 5. g3 b6 6. Bg2 Bb7 7. O-O Nf6 8. b3 O-O 9. Bb2 c5 10. e3 Nc6 11. Qd2 Ne7 12. Rfd1 cxd4 13. exd4 Ne4 14. Nxe4 Bxe4 15. Rac1 Rc8 16. Qe2 d5 17. c5 Nf5 18. b4 Qf6 19. Ne5 Bxg2 20. Kxg2 Qe7 21. b5 Bxe5 22. Qxe5 f6 23. Qe2 Ng7 24. Qf3 Qd7 25. c6 Qc7 26. Rc2 a6 27. a4 axb5 28. axb5 Ra8 29. Bc1 g5 30. Ba3 Rfe8 31. Bb4 Nf5 32. Re2 Ra4 33. Rxe6 Rxe6 34. Qxf5 Qf7 35. c7 Ra8 36. Qxd5 Rc8 37. Rc1 Re7 38. Qd8+ Re8 39. Qd6 Re6 40. Qd5 Re7 41. Qxf7+ Rxf7 42. Bd6 Rd7 43. Rc6 Kf7 44. Rxb6 Rxd6 45. Rxd6 Rxc7 46. b6 Rc3 47. Rd8 Rb3 48. Rb8 Kg6 49. b7 Kf5 50. d5 Kg4 51. d6 f5 52. h3+ Kh5 53. d7 1-0

[Event "White Rook U14 Final 2019"]
[Site "Sochi"]
[Date "2019.06.06"]
[Round "4.7"]
[White "Khodko, Yurii N."]
[Black "Ermolaev, Ivan"]
[Result "1-0"]
[ECO "B33"]
[WhiteElo "1727"]
[BlackElo "1776"]
[Annotator "NA RC"]
[PlyCount "140"]
[EventDate "2019.06.02"]
[EventCountry "RUS"]
[SourceTitle "playchess.com"]
[Source "ChessBase"]
[SourceQuality "1"]
[TimeControl "5400+30"]

1. e4 c5 2. Nf3 Nc6 3. d4 cxd4 4. Nxd4 Nf6 5. Nc3 e5 6. Ndb5 d6 7. Bg5 a6 8. Na3 b5 9. Nd5 Be7 10. Bxf6 Bxf6 11. c3 O-O 12. Nc2 Bg5 13. a4 bxa4 14. Rxa4 a5 15. Bc4 Ne7 16. O-O Bd7 17. Ra2 Kh8 18. b4 axb4 19. Rxa8 Qxa8 20. Nb6 Qc6 21. Nxd7 Qxd7 22. cxb4 f5 23. exf5 Nxf5 24. Qg4 Bh6 25. Ne3 g6 26. Qh3 Bg5 27. b5 Qc8 28. Nxf5 gxf5 29. Qd3 Qc5 30. Rd1 Be7 31. Be6 e4 32. Qd4+ Qxd4 33. Rxd4 Rb8 34. Bxf5 Rxb5 35. Bxe4 Kg7 36. g3 h6 37. Bd3 Re5 38. h4 Bf8 39. Kg2 Kf6 40. Rf4+ Kg7 41. Ra4 Kf6 42. Ra8 Kg7 43. Bc4 Re4 44. Ba2 Re5 45. Ra7+ Re7 46. Ra4 Re5 47. Rg4+ Kf6 48. Rf4+ Rf5 49. Kf3 Be7 50. g4 Rxf4+ 51. Kxf4 Kg6 52. Bb1+ Kg7 53. g5 d5 54. Kf5 Bd8 55. f4 Be7 56. Ke6 hxg5 57. hxg5 Kf8 58. Kxd5 Kg7 59. Ke6 Kf8 60. Ba2 Bd8 61. Bd5 Kg7 62. Be4 Ba5 63. f5 Bd2 64. f6+ Kg8 65. g6 Bh6 66. Kf5 Bf8 67. Bb1 Bh6 68. Ba2+ Kf8 69. Ke6 Kg8 70. Ke7+ Kh8 1-0

[Event "White Rook U14 Final 2019"]
[Site "Sochi"]
[Date "2019.06.06"]
[Round "4.8"]
[White "Kuzmina, Varvara"]
[Black "Loviagina, Dariana"]
[Result "1-0"]
[ECO "D52"]
[WhiteElo "1190"]
[BlackElo "1297"]
[Annotator "NA RC"]
[PlyCount "93"]
[EventDate "2019.06.02"]
[EventCountry "RUS"]
[SourceTitle "playchess.com"]
[Source "ChessBase"]
[SourceQuality "1"]
[TimeControl "5400+30"]

1. d4 d5 2. c4 e6 3. Nc3 Nf6 4. Nf3 c6 5. Bg5 Nbd7 6. e3 Qa5 7. Qd2 Bb4 8. Bd3 dxc4 9. Bc2 Nd5 10. O-O Bxc3 11. bxc3 Qxc3 12. e4 Qxd2 13. Nxd2 N5b6 14. Rac1 c3 15. Nb1 h6 16. Be3 O-O 17. Nxc3 e5 18. Bb3 Rd8 19. Rfd1 Re8 20. f3 exd4 21. Bxd4 Nf6 22. Rb1 Nbd7 23. Re1 b6 24. e5 Nh7 25. f4 Nhf8 26. f5 c5 27. e6 fxe6 28. fxe6 Nf6 29. e7+ Ne6 30. Bxf6 gxf6 31. Bxe6+ Bxe6 32. Rxe6 Kf7 33. Rbe1 a6 34. Rxb6 Rxe7 35. Rxe7+ Kxe7 36. Nd5+ Kf7 37. Rxf6+ Kg7 38. Rc6 Rb8 39. h3 Rb5 40. Rxa6 c4 41. Nc3 Rc5 42. Kf2 Rf5+ 43. Ke3 Rg5 44. g4 h5 45. Kf4 Rc5 46. Rf6 Ra5 47. Rc6 1-0

[Event "White Rook U14 Final 2019"]
[Site "Sochi"]
[Date "2019.06.06"]
[Round "4.10"]
[White "Munkhzul, Davaakhuu"]
[Black "Fomkin, Dmitry"]
[Result "1-0"]
[ECO "B68"]
[WhiteElo "1806"]
[BlackElo "1733"]
[Annotator "NA RC"]
[PlyCount "97"]
[EventDate "2019.06.02"]
[EventCountry "RUS"]
[SourceTitle "playchess.com"]
[Source "ChessBase"]
[SourceQuality "1"]
[TimeControl "5400+30"]

1. e4 c5 2. Nf3 d6 3. d4 cxd4 4. Nxd4 Nf6 5. Nc3 Nc6 6. Bg5 e6 7. f4 a6 8. Qd2 Bd7 9. O-O-O Be7 10. Nf3 b5 11. e5 b4 12. exf6 bxc3 13. Qxc3 gxf6 14. Bh6 Rg8 15. Bd3 Qb6 16. Bxh7 Rh8 17. Ng5 Nb4 18. Kb1 Rc8 19. Qh3 fxg5 20. Bg7 g4 21. Qh5 Rc5 22. f5 Rxf5 23. Qh6 Bg5 24. Qh5 Qa5 25. a3 Bf4 26. Qxg4 Rxh7 27. axb4 Qd8 28. Bf6 Qxf6 29. Qg8+ Ke7 30. Qxh7 Be5 31. g4 Rf2 32. Qd3 Bb5 33. Qe3 Kf8 34. g5 Qf5 35. Rd2 Rf1+ 36. Rd1 Rf3 37. Qb6 Rb3 38. Rd4 Qf2 39. Rhd1 Bxd4 40. Rxd4 Re3 41. Qxd6+ Kg7 42. Qc5 Re1+ 43. Ka2 Re2 44. h4 Rxc2 45. Qe5+ Kh7 46. Rd8 Bc4+ 47. Kb1 Re2 48. Rh8+ Kg6 49. h5# 1-0

[Event "White Rook U14 Final 2019"]
[Site "Sochi"]
[Date "2019.06.06"]
[Round "4.11"]
[White "Ponomarev, Andrey A."]
[Black "Aldar Burentegsh"]
[Result "1-0"]
[ECO "B38"]
[WhiteElo "1919"]
[BlackElo "1812"]
[Annotator "NA RC"]
[PlyCount "195"]
[EventDate "2019.06.02"]
[EventCountry "RUS"]
[SourceTitle "playchess.com"]
[Source "ChessBase"]
[SourceQuality "1"]
[TimeControl "5400+30"]

1. e4 c5 2. Nf3 Nc6 3. d4 cxd4 4. Nxd4 g6 5. c4 Bg7 6. Be3 Nf6 7. Nc3 O-O 8. Be2 d6 9. O-O Bd7 10. Qd2 Rc8 11. b3 Ne5 12. h3 Bc6 13. f4 Ned7 14. Nxc6 bxc6 15. Rad1 Kh8 16. Bd4 Qa5 17. Bf3 Rfd8 18. Ne2 Qc7 19. Bc3 e5 20. fxe5 dxe5 21. Qe3 Bf8 22. b4 Be7 23. c5 Nf8 24. Qg5 Re8 25. Rd6 N6d7 26. Bxe5+ f6 27. Bxf6+ Bxf6 28. Rxf6 Nxf6 29. Qxf6+ Qg7 30. Bg4 Rc7 31. Qd6 Kg8 32. a4 a6 33. Ng3 Qe7 34. e5 Rd8 35. Qxe7 Rxe7 36. Bf3 Rb8 37. Rb1 Rxe5 38. Bxc6 Rxc5 39. Bb5 Rc3 40. Ne4 Re3 41. Bc4+ Kg7 42. Nc5 Rc3 43. Nxa6 Rd8 44. Bf1 Ne6 45. b5 Nc5 46. Nxc5 Rxc5 47. a5 Rb8 48. a6 Rb6 49. Be2 Rc7 50. Rf1 h6 51. Rf3 Rc2 52. Bd3 Rc7 53. Kf2 Re6 54. Bf1 Rc2+ 55. Kg3 Rc7 56. Rb3 Rb6 57. Ra3 Ra7 58. Rf3 Re7 59. Bd3 Rc7 60. Kf2 Re6 61. Re3 Rd6 62. Ke2 Kf6 63. Re4 Rcd7 64. Bc4 Ra7 65. Ke3 g5 66. Rd4 Rb6 67. Kd3 Ke5 68. g3 h5 69. Rd5+ Kf6 70. Kc3 Rc7 71. Kb4 Rb8 72. Rc5 Ra7 73. Ka5 Rd7 74. Bd5 Ke7 75. Bb3 Rd3 76. Ba4 Kd6 77. Rxg5 h4 78. gxh4 Re3 79. a7 Ra8 80. b6 Re7 81. Ka6 Re4 82. Rg6+ Kc5 83. Bc6 Rb4 84. Bxa8 Ra4+ 85. Kb7 Rxh4 86. Rg5+ Kd6 87. Ka6 Ra4+ 88. Ra5 Rh4 89. b7 Rh6 90. b8=Q+ Kd7+ 91. Kb5 Rh5+ 92. Kb4 Rh4+ 93. Kc5 Rh5+ 94. Bd5 Rxd5+ 95. Kxd5 Ke7 96. Qd6+ Kf7 97. a8=R Kg7 98. R5a7# 1-0

[Event "White Rook U14 Final 2019"]
[Site "Sochi"]
[Date "2019.06.06"]
[Round "4.12"]
[White "Unurzul, Davaakhuu"]
[Black "Namay, Viktoria"]
[Result "1-0"]
[ECO "B13"]
[WhiteElo "1442"]
[BlackElo "1359"]
[Annotator "NA RC"]
[PlyCount "87"]
[EventDate "2019.06.02"]
[EventCountry "RUS"]
[SourceTitle "playchess.com"]
[Source "ChessBase"]
[SourceQuality "1"]
[TimeControl "5400+30"]

1. e4 c6 2. Nf3 d5 3. exd5 cxd5 4. d4 Nc6 5. Bb5 e6 6. Nc3 Bd6 7. Be3 Nge7 8. Qd2 O-O 9. O-O a6 10. Be2 Bc7 11. Bf4 f6 12. Bxc7 Qxc7 13. Rad1 Rd8 14. Rfe1 e5 15. dxe5 fxe5 16. Qg5 e4 17. Nd4 Rd6 18. Nxc6 bxc6 19. Qe5 Rd7 20. Qe6+ Kh8 21. f3 Ng8 22. Qg4 Rf7 23. Qh4 Qb6+ 24. Kh1 Qxb2 25. Na4 Qxc2 26. Nb6 Rb8 27. Qd8 Qc5 28. Nxc8 Rbb7 29. Nd6 Rfd7 30. Nxb7 Rxd8 31. Nxc5 e3 32. Bxa6 Re8 33. Rd3 e2 34. Rd2 Nf6 35. Rdxe2 Rxe2 36. Rxe2 Kg8 37. Bb7 h5 38. Bxc6 g5 39. Re5 g4 40. Bxd5+ Nxd5 41. Rxd5 gxf3 42. gxf3 h4 43. Rd7 h3 44. a4 1-0

[Event "White Rook U14 Final 2019"]
[Site "Sochi"]
[Date "2019.06.06"]
[Round "4.13"]
[White "Abrazevich, Yauheni"]
[Black "Magomedov, Adam"]
[Result "1/2-1/2"]
[ECO "C00"]
[WhiteElo "1888"]
[BlackElo "1773"]
[Annotator "NA RC"]
[PlyCount "81"]
[EventDate "2019.06.02"]
[EventCountry "RUS"]
[SourceTitle "playchess.com"]
[Source "ChessBase"]
[SourceQuality "1"]
[TimeControl "5400+30"]

1. e4 e6 2. d3 b6 3. g3 Bb7 4. Bg2 f5 5. Nc3 Nf6 6. Nge2 fxe4 7. Nxe4 Nxe4 8. Bxe4 Bxe4 9. dxe4 Bc5 10. O-O O-O 11. Nf4 Qf6 12. Nd3 Nc6 13. Nxc5 bxc5 14. c3 d6 15. f4 Kh8 16. Be3 Rab8 17. Rf2 Qe7 18. Qa4 Qd7 19. b3 a5 20. Rd1 Qe8 21. Rdd2 e5 22. f5 Ra8 23. g4 Ne7 24. Qxe8 Raxe8 25. g5 Nc6 26. h4 a4 27. h5 axb3 28. axb3 Rb8 29. Rb2 Ra8 30. g6 Ra1+ 31. Kg2 Re1 32. Rf3 Ra1 33. Rbf2 Raa8 34. h6 hxg6 35. fxg6 Rxf3 36. Rxf3 gxh6 37. Bxh6 Rg8 38. Rf6 Ne7 39. g7+ Kh7 40. Kf3 Ng6 41. Rf8 1/2-1/2

[Event "White Rook U14 Final 2019"]
[Site "Sochi"]
[Date "2019.06.06"]
[Round "4.14"]
[White "Seregin, Ignat"]
[Black "Dyl, Nikita"]
[Result "1-0"]
[ECO "B07"]
[WhiteElo "1687"]
[BlackElo "1646"]
[Annotator "NA RC"]
[PlyCount "91"]
[EventDate "2019.06.02"]
[EventCountry "RUS"]
[SourceTitle "playchess.com"]
[Source "ChessBase"]
[SourceQuality "1"]
[TimeControl "5400+30"]

1. e4 g6 2. d4 Bg7 3. Nc3 d6 4. Bc4 Nf6 5. Be3 O-O 6. Qd2 Ng4 7. Bg5 h6 8. Bh4 Nd7 9. Nf3 c5 10. Nd5 Ngf6 11. Nxf6+ Nxf6 12. Bxf6 exf6 13. O-O-O Qb6 14. Nh4 Kh7 15. f4 Bg4 16. Rde1 cxd4 17. h3 Rac8 18. Bd3 Be6 19. f5 Bxa2 20. fxg6+ fxg6 21. e5 dxe5 22. Nxg6 f5 23. Nxf8+ Rxf8 24. b3 e4 25. Kb2 Bxb3 26. cxb3 exd3 27. Qxd3 Qc6 28. Re2 Qc5 29. Rc1 Qd5 30. Rc7 Rf6 31. g4 Qa5 32. Rxb7 Ra6 33. Rxg7+ Kxg7 34. Qxd4+ Kf7 35. Qd7+ Kf6 36. Qd4+ Kg5 37. Qg7+ Kf4 38. Qd4+ Kg5 39. Qe3+ Kg6 40. Qe8+ Kg5 41. Qe7+ Kg6 42. gxf5+ Qxf5 43. Rg2+ Kh5 44. Qe2+ Kh4 45. Rg4+ Kh5 46. Rf4+ 1-0

[Event "White Rook U14 Final 2019"]
[Site "Sochi"]
[Date "2019.06.06"]
[Round "4.15"]
[White "Zaiko, Stanislav"]
[Black "Mugenov, Vadim"]
[Result "1-0"]
[ECO "B84"]
[WhiteElo "1176"]
[BlackElo "1329"]
[Annotator "NA RC"]
[PlyCount "79"]
[EventDate "2019.06.02"]
[EventCountry "RUS"]
[SourceTitle "playchess.com"]
[Source "ChessBase"]
[SourceQuality "1"]
[TimeControl "5400+30"]

1. e4 c5 2. Nf3 d6 3. d4 cxd4 4. Nxd4 Nf6 5. Nc3 a6 6. Bc4 e6 7. O-O Be7 8. Be3 b5 9. Bd3 Bb7 10. f3 O-O 11. Bf2 b4 12. Nce2 d5 13. exd5 Nxd5 14. Be4 Qd7 15. Nb3 Rd8 16. Na5 Nc6 17. Nc4 Qe8 18. Bxd5 Rxd5 19. Qc1 Rad8 20. c3 Ne5 21. Nxe5 Rxe5 22. Re1 Bc5 23. Bxc5 Rxc5 24. Qf4 bxc3 25. Nxc3 Qc6 26. Rad1 Rf8 27. Rd6 Qc7 28. Red1 Rf5 29. Qb4 Rg5 30. Rd7 Qe5 31. Qxb7 Qe3+ 32. Kh1 Qf2 33. R7d2 Qh4 34. Qe4 Qh6 35. Rd8 Rh5 36. Rxf8+ Kxf8 37. Qb4+ Ke8 38. Qb8+ Ke7 39. Qd6+ Kf6 40. Ne4+ 1-0

[Event "White Rook U14 Final 2019"]
[Site "Sochi"]
[Date "2019.06.06"]
[Round "4.16"]
[White "Mkrtchian, Anait"]
[Black "Zeliantsova, Kseniya"]
[Result "0-1"]
[ECO "B07"]
[WhiteElo "1165"]
[BlackElo "1892"]
[Annotator "NA RC"]
[PlyCount "66"]
[EventDate "2019.06.02"]
[EventCountry "RUS"]
[SourceTitle "playchess.com"]
[Source "ChessBase"]
[SourceQuality "1"]
[TimeControl "5400+30"]

1. e4 d6 2. d4 Nf6 3. Nc3 g6 4. Be3 Bg7 5. Bd3 O-O 6. h3 e5 7. dxe5 dxe5 8. Qd2 Qe7 9. Bh6 Rd8 10. Bxg7 Kxg7 11. f3 c5 12. Qe3 Be6 13. g4 Nc6 14. a3 Nd4 15. O-O-O c4 16. Bf1 b5 17. Nge2 Qc5 18. Qg5 Nxf3 19. Qxf6+ Kxf6 20. Bg2 Nd4 21. Nxd4 Rxd4 22. Rxd4 Qxd4 23. Nxb5 Qe3+ 24. Kb1 Rb8 25. Rf1+ Ke7 26. Nc7 Qb6 27. Kc1 Qxc7 28. c3 Qb6 29. Kd1 Qxb2 30. Ke1 Qxg2 31. Rf2 Rb1+ 32. Ke2 Qxe4+ 33. Kd2 Qd3# 0-1

[Event "White Rook U14 Final 2019"]
[Site "Sochi"]
[Date "2019.06.06"]
[Round "4.17"]
[White "Gashev, Matvei"]
[Black "Kolev, Georgi"]
[Result "1-0"]
[ECO "D36"]
[WhiteElo "1968"]
[BlackElo "1736"]
[Annotator "NA RC"]
[PlyCount "79"]
[EventDate "2019.06.02"]
[EventCountry "RUS"]
[SourceTitle "playchess.com"]
[Source "ChessBase"]
[SourceQuality "1"]
[TimeControl "5400+30"]

1. c4 e6 2. Nc3 d5 3. cxd5 exd5 4. d4 Nf6 5. Nf3 Be7 6. Bg5 O-O 7. Qc2 c6 8. e3 Ne4 9. Bxe7 Qxe7 10. Nxe4 dxe4 11. Nd2 Bf5 12. Be2 Re8 13. O-O-O Nd7 14. h4 Nf6 15. Nc4 Ng4 16. Rdf1 b5 17. Bxg4 Bxg4 18. Ne5 Bf5 19. g4 Be6 20. Kb1 Rac8 21. g5 Bd5 22. Rhg1 Qe6 23. a3 c5 24. Qd1 cxd4 25. exd4 Bb3 26. Qe1 Bc2+ 27. Ka1 b4 28. Qxb4 a5 29. Qd2 Red8 30. Qe3 Rb8 31. Rc1 Rdc8 32. Rg3 Qb6 33. b3 Bxb3 34. Rxc8+ Rxc8 35. Qxb3 Qxd4+ 36. Qb2 Qd1+ 37. Ka2 Rc2 38. Nc4 Rxb2+ 39. Nxb2 g6 40. Nxd1 1-0

[Event "White Rook U14 Final 2019"]
[Site "Sochi"]
[Date "2019.06.06"]
[Round "4.18"]
[White "Demirov, Todor"]
[Black "Kharitonov, Maksim"]
[Result "1-0"]
[ECO "B40"]
[WhiteElo "1586"]
[BlackElo "1469"]
[Annotator "NA RC"]
[PlyCount "125"]
[EventDate "2019.06.02"]
[EventCountry "RUS"]
[SourceTitle "playchess.com"]
[Source "ChessBase"]
[SourceQuality "1"]
[TimeControl "5400+30"]

1. e4 c5 2. Nf3 e6 3. c3 d6 4. d4 Qc7 5. Be2 Nd7 6. O-O Ngf6 7. Nbd2 Be7 8. Re1 O-O 9. Bf1 a6 10. a4 b6 11. b3 Bb7 12. Bb2 Rfe8 13. c4 Nf8 14. d5 e5 15. Bc3 Qd7 16. b4 Ng6 17. a5 Bd8 18. Nb3 Rc8 19. axb6 Bxb6 20. bxc5 Bxc5 21. Nxc5 Rxc5 22. Qa4 Qe7 23. Rab1 Bc8 24. Nd2 Ng4 25. f3 Nh6 26. Nb3 Rc7 27. Rb2 f5 28. c5 Rd7 29. cxd6 Qxd6 30. Bb4 Qf6 31. Nc5 Rdd8 32. Ba5 Qe7 33. Rc1 Bd7 34. Nxd7 Rxd7 35. d6 Rxd6 36. Bb4 Qd7 37. Qa2+ Rde6 38. Bc4 Kh8 39. Bxe6 Rxe6 40. Rd2 Qe8 41. exf5 Nxf5 42. Qxe6 Qxe6 43. Rd8+ Qg8 44. Rcc8 Nfe7 45. Bxe7 Nxe7 46. Rxg8+ Nxg8 47. Ra8 h6 48. Kf2 Kh7 49. Rxa6 Ne7 50. Re6 Ng6 51. g3 h5 52. h4 Kh6 53. Ke3 Kh7 54. Ke4 Kh6 55. Kf5 e4 56. Rxg6+ Kh7 57. fxe4 Kh8 58. Kg5 Kg8 59. Kxh5 Kh8 60. Ra6 Kh7 61. Ra7 Kh8 62. Kg6 Kg8 63. Ra8# 1-0

[Event "White Rook U14 Final 2019"]
[Site "Sochi"]
[Date "2019.06.06"]
[Round "4.20"]
[White "Petkova, Irina"]
[Black "Belova, Darya"]
[Result "1/2-1/2"]
[ECO "D00"]
[WhiteElo "1207"]
[BlackElo "1163"]
[Annotator "NA RC"]
[PlyCount "117"]
[EventDate "2019.06.02"]
[EventCountry "RUS"]
[SourceTitle "playchess.com"]
[Source "ChessBase"]
[SourceQuality "1"]
[TimeControl "5400+30"]

1. d4 d5 2. Bf4 e6 3. e3 Bd6 4. Bg3 f5 5. Nf3 Nf6 6. c3 c6 7. Ne5 O-O 8. f4 Ne4 9. Nd2 Nd7 10. Ndf3 Ndf6 11. Bh4 Qe8 12. Be2 Bd7 13. Nd2 Nxd2 14. Qxd2 Ne4 15. Qd1 Be7 16. Bxe7 Qxe7 17. O-O Rf6 18. Rf3 Rh6 19. Qe1 Be8 20. g4 fxg4 21. Nxg4 Rg6 22. Rh3 Nf6 23. Rg3 Nxg4 24. Rxg4 Rxg4+ 25. Bxg4 Qf6 26. Qg3 Qg6 27. Bf3 Qxg3+ 28. hxg3 Bg6 29. Kf2 Kf7 30. Rc1 Rh8 31. Rh1 Ke7 32. g4 Bd3 33. a3 a5 34. Be2 Bxe2 35. Kxe2 Kf6 36. Kd3 b5 37. b3 Kg6 38. e4 Kf7 39. exd5 exd5 40. f5 h6 41. Re1 Re8 42. Rxe8 Kxe8 43. Ke3 Kf7 44. Kf4 Kf6 45. a4 bxa4 46. bxa4 Kf7 47. Ke5 Ke7 48. Kf4 Kf6 49. Kf3 Kf7 50. Kg3 Kf6 51. Kh4 Kf7 52. g5 Ke7 53. Kh5 Kf7 54. Kg4 Ke7 55. Kf4 hxg5+ 56. Kxg5 Kf7 57. Kg4 Ke7 58. Kf4 Kf6 59. Kg4 1/2-1/2

[Event "White Rook U14 Final 2019"]
[Site "Sochi"]
[Date "2019.06.06"]
[Round "4.21"]
[White "Hrbek, Stepan"]
[Black "Lotnik, Vladislav"]
[Result "1-0"]
[ECO "A10"]
[WhiteElo "2013"]
[BlackElo "1490"]
[Annotator "NA RC"]
[PlyCount "107"]
[EventDate "2019.06.02"]
[EventCountry "RUS"]
[SourceTitle "playchess.com"]
[Source "ChessBase"]
[SourceQuality "1"]
[TimeControl "5400+30"]

1. Nf3 d5 2. e3 e6 3. c4 f5 4. b3 Nf6 5. Bb2 Bd6 6. d4 c6 7. Bd3 O-O 8. O-O Bd7 9. Nc3 Ne4 10. Ne2 Be8 11. Ne5 Bh5 12. f3 Bxe5 13. dxe5 Nc5 14. Nf4 Qe8 15. Ba3 Nbd7 16. cxd5 cxd5 17. Bb5 Rc8 18. Bxc5 Rxc5 19. Bxd7 Qxd7 20. Nxh5 Rfc8 21. Qd4 Qb5 22. Nf4 Kf7 23. Nd3 Rc2 24. Rac1 Qa5 25. Rxc2 Rxc2 26. Nb4 Rc7 27. e4 dxe4 28. fxe4 g6 29. exf5 gxf5 30. g4 Qc5 31. Qxc5 Rxc5 32. Nd3 Rd5 33. Rf3 Ke7 34. gxf5 exf5 35. Kf1 Rd8 36. Ke2 Ke6 37. Rh3 Rc8 38. Ke3 Rh8 39. Rh6+ Ke7 40. Nf4 Kf7 41. Rf6+ Ke7 42. Nd5+ Kd7 43. Rd6+ Kc8 44. e6 Re8 45. e7 h5 46. Kf4 a5 47. Kxf5 b5 48. Ke6 a4 49. Rd7 axb3 50. axb3 Rxe7+ 51. Nxe7+ Kb8 52. Nc6+ Kc8 53. Kd6 b4 54. Rc7# 1-0

[Event "White Rook U14 Final 2019"]
[Site "Sochi"]
[Date "2019.06.06"]
[Round "4.22"]
[White "Kostornichenko, Yana"]
[Black "Soucek, Jan"]
[Result "1-0"]
[ECO "C70"]
[WhiteElo "1706"]
[BlackElo "1543"]
[Annotator "NA RC"]
[PlyCount "111"]
[EventDate "2019.06.02"]
[EventCountry "RUS"]
[SourceTitle "playchess.com"]
[Source "ChessBase"]
[SourceQuality "1"]
[TimeControl "5400+30"]

1. e4 e5 2. Nf3 Nc6 3. Bb5 g6 4. c3 Bg7 5. O-O Nge7 6. d3 O-O 7. Ba4 a6 8. Be3 b5 9. Bc2 d6 10. Re1 h6 11. a4 Rb8 12. axb5 axb5 13. d4 Qe8 14. Nbd2 f5 15. exf5 Nxf5 16. dxe5 Nxe5 17. Nxe5 dxe5 18. Bc5 Rf6 19. Nf3 Ra6 20. Bb3+ Kh7 21. Rxa6 Bxa6 22. g4 Nd6 23. Bd4 e4 24. Bxg7 Kxg7 25. Qd4+ Kh7 26. Nd2 Bb7 27. Bc2 Qe6 28. f3 Re8 29. Nxe4 Nxe4 30. Bxe4 Bxe4 31. Rxe4 Qf7 32. Rxe8 Qxe8 33. Qe4 Qd8 34. Kf2 Qd2+ 35. Qe2 Qd7 36. h4 b4 37. cxb4 Qd4+ 38. Kg2 Qxb4 39. h5 Qd6 40. Qc2 Qb6 41. Qxg6+ Qxg6 42. hxg6+ Kxg6 43. Kg3 Kg5 44. f4+ Kf6 45. Kh4 c5 46. g5+ hxg5+ 47. fxg5+ Kg6 48. Kg4 c4 49. Kf4 Kg7 50. Ke4 Kg6 51. Kd5 Kxg5 52. Kxc4 Kf6 53. Kb5 Ke6 54. Kc6 Ke7 55. Kc7 Ke6 56. b4 1-0